 Dungeon Crawl Stone Soup version 0.29.1-1-gd02db6906a (webtiles) character file.

Game seed: 1070192606577467873

398 Icepheonix32 the Trooper (level 6, -1/57 HPs)
             Began as a Minotaur Fighter on Oct 5, 2022.
             Slain by Pikel
             ... wielding a +2 whip of flaming
              (5 damage)
             ... on level 4 of the Dungeon.
             The game lasted 00:03:49 (2564 turns).

Icepheonix32 the Trooper (Minotaur Fighter)         Turns: 2564, Time: 00:03:50

Health: -1/57      AC:  7    Str: 20    XL:     6   Next: 53%
Magic:  5/5        EV: 13    Int: 11    God:
Gold:   124        SH:  5    Dex: 12    Spells: 5/5 levels left

rFire   . . .      SeeInvis .   m - staff of air
rCold   . . .      Faith    .   c - +0 buckler
rNeg    . . .      Spirit   .   b - +0 scale mail
rPois   .          Reflect  .   (helmet restricted)
rElec   +          Harm     .   (no cloak)
rCorr   .          Rampage  .   (no gloves)
Will    .....                   (no boots)
Stlth   ..........              n - amulet of regeneration
HPRegen 0.99/turn               i - +6 ring of intelligence
MPRegen 0.09/turn               o - +4 ring of evasion

@: hasted, very quick
A: horns 2, retaliatory headbutt
a: no special abilities


You were on level 4 of the Dungeon.
You visited 1 branch of the dungeon, and saw 4 of its levels.

You collected 124 gold pieces.

Inventory:

Hand Weapons
 a - a +0 war axe
Armour
 b - a +0 scale mail (worn)
 c - a +0 buckler (worn)
Magical Staves
 d - a staff of poison
 m - a staff of air (weapon)
Jewellery
 i - a +6 ring of intelligence (left hand)
 n - an amulet of regeneration (around neck)
 o - a +4 ring of evasion (right hand)
Wands
 r - a wand of roots (5)
Scrolls
 e - a scroll of enchant armour {unknown}
 h - a scroll of immolation {unknown}
 j - 7 scrolls of teleportation {unknown}
 k - 2 scrolls of butterflies {unknown}
 l - a scroll of identify {unknown}
 p - a scroll of summoning {unknown}
 s - a scroll of blinking {unknown}
Potions
 f - a potion of haste
 g - a potion of curing
 q - a potion of lignification {unknown}


   Skills:
 * Level 6.2 Fighting
 - Level 3.5 Axes
 + Level 2.1 Staves
 + Level 4.9 Armour
 + Level 0.8 Dodging
 + Level 0.1 Stealth
 + Level 4.1 Shields
 * Level 2.1 Evocations


You had 5 spell levels left.
You didn't know any spells.
Your spell library contained the following spells:

 Spells                   Type           Power      Damage    Failure   Level
 Apportation              Tloc           0%         N/A       77%         1
 Stone Arrow              Conj/Erth      0%         3d7       98%         3
 Summon Guardian Golem    Hex/Summ       0%         N/A       98%         3
 Animate Armour           Summ/Erth      0%         N/A       100%        4
 Alistair's Intoxication  Tmut/Pois      0%         N/A       100%        5
 Orb of Destruction       Conj           0%         9d5       100%        7
 Spellforged Servitor     Conj/Summ      0%         N/A       100%        7
 Lehudib's Crystal Spear  Conj/Erth      0%         10d2      100%        8


Dungeon Overview and Level Annotations

Branches:
Dungeon (4/15)
 Temple: D:4-7

Altars:
Uskayaw
Wu Jian

Shops:
D:2 (

Annotations:
D:4 Pikel


Innate Abilities, Weirdness & Mutations

You have a pair of horns on your head.
You reflexively headbutt those who attack you in melee.


Message History

Pikel closely misses you.
You hit Pikel but do no damage.
Pikel is lightly wounded.
You block Pikel's attack.
You closely miss Pikel. You headbutt Pikel!
Pikel is moderately wounded.
Pikel hits you with a +2 whip of flaming!
Pikel burns you.
* * * LOW HITPOINT WARNING * * *
Pikel hits you with a +2 whip of flaming.
* * * LOW HITPOINT WARNING * * *
Pikel burns you.
* * * LOW HITPOINT WARNING * * *
It was a potion of curing.
You feel better. Pikel closely misses you.
It was a potion of haste.
You feel yourself speed up. Pikel completely misses you.
You hit Pikel but do no damage.
Pikel is moderately wounded.
You hit Pikel but do no damage. You headbutt Pikel.
Pikel is heavily wounded.
Pikel closely misses you.
You hit Pikel. Your headbutt misses Pikel.
Pikel is heavily wounded.
Pikel hits you with a +2 whip of flaming.
Pikel burns you.
* * * LOW HITPOINT WARNING * * *
You hit Pikel but do no damage. You headbutt Pikel.
Pikel is heavily wounded.
Pikel hits you with a +2 whip of flaming.
* * * LOW HITPOINT WARNING * * *
Pikel burns you.
* * * LOW HITPOINT WARNING * * *
You barely miss Pikel.
Pikel is heavily wounded.
You barely miss Pikel. Your headbutt misses Pikel.
Pikel is heavily wounded.
Pikel hits you with a +2 whip of flaming!
* * * LOW HITPOINT WARNING * * *
Pikel burns you.
You die... #.........# #.........# ......... ....... ..5.. 5o5

#5# #K#
#@# #.#
#†# ##.#
#..#
#####
#.##
....#
#.#
....#
#####.#
....#
##.....#


You could see Pikel, 4 lemures and an orc.

Vanquished Creatures
  Menkaure (D:4)
  A scorpion (D:4)
  A hound (D:4)
  Jessica (D:2)
  2 iguanas (D:4)
  Robin (D:2)
  A gnoll (D:1)
  2 adders (D:2)
  2 dart slugs
  3 worms
  2 orcs (D:3)
  2 bats
  4 endoplasms
  3 giant cockroaches
  9 goblins
  7 hobgoblins
  3 jackals (D:1)
  5 quokkas
  7 ball pythons
  5 frilled lizards
  3 kobolds
  7 rats
72 creatures vanquished.

Notes
Turn   | Place    | Note
-------+----------+-------------------------------------------
     0 | D:1      | Icepheonix32 the Minotaur Fighter began the quest for the
                  | Orb.
     0 | D:1      | Reached XP level 1. HP: 19/19 MP: 0/0
   198 | D:1      | Reached skill level 4 in Fighting
   198 | D:1      | Reached XP level 2. HP: 7/27 MP: 1/1
   478 | D:1      | Reached XP level 3. HP: 34/34 MP: 2/2
   602 | D:1      | Found a faded altar of an unknown god.
   881 | D:2      | Noticed Robin
   886 | D:2      | Killed Robin
  1067 | D:2      | Reached XP level 4. HP: 40/41 MP: 3/3
  1177 | D:2      | Found an ornate altar of the Wu Jian Council.
  1218 | D:2      | Noticed Jessica
  1224 | D:2      | Killed Jessica
  1225 | D:2      | Reached skill level 5 in Fighting
  1239 | D:2      | Found Fikietit's Antique Weapon Shoppe.
  1962 | D:3      | Reached XP level 5. HP: 48/48 MP: 4/4
  2142 | D:3      | Found a hide-covered altar of Uskayaw.
  2280 | D:4      | Noticed Menkaure
  2286 | D:4      | Killed Menkaure
  2287 | D:4      | Reached skill level 1 in Staves
  2287 | D:4      | Reached skill level 1 in Evocations
  2346 | D:4      | Reached skill level 6 in Fighting
  2346 | D:4      | Reached XP level 6. HP: 57/57 MP: 5/5
  2537 | D:4      | Noticed Pikel
  2564 | D:4      | Slain by Pikel

Illustrated notes

Levels and vault maps discovered:
D:1:      evilmike_arrival_hilbert_curve, layout_rooms,
          shapermc_ecumenical_altar_venn, chequers_mini_garden,
          roderic_serpentine_path
D:2:      layout_basic, serial_shops, nicolae_shop_trees, serial_corexii_hall,
          corexii_hall_statues_l, chequers_hall_statues_wall_a,
          corexii_hall_statues_s, corexii_hall_statues_l, basic_altar,
          uniq_robin, uniq_jessica
D:3:      layout_basic, overflow_temple_1_default
D:4:      layout_rooms, kennysheep_little_box, kennysheep_doodads,
          uniq_menkaure, uniq_pargi, uniq_pikel

Skill      XL: |  1  2  3  4  5  6 |
---------------+-------------------+-----
Fighting       | 4 5 6 |  6.2
Armour         | 4 |  4.9
Axes           | 3 |  3.5
Staves         | 1 2 |  2.1
Shields        | 4 |  4.1
Evocations     | 1 2 |  2.1
Dodging        | |  0.8
Stealth        | |  0.1

Action                   |  1- 3 |  4- 6 || total
-------------------------+-------+-------++-------
Melee: War axe           |    72 |    23 ||    95
       Headbutt          |    15 |    12 ||    27
       Staff             |       |   100 ||   100
  Use: Potion            |       |     3 ||     3
Armor: Scale mail        |    33 |    44 ||    77
Dodge: Dodged            |    30 |    48 ||    78
Block: Buckler           |    17 |    18 ||    35
